 Dungeon Crawl Stone Soup version 0.32-a0-841-g4648e6c457 (webtiles) character file.

Game seed: 4950984548865316449

19389 cforsyth the Thaumaturge (level 12, -2/72 HPs)
             Began as a Deep Elf Summoner on Mar 27, 2024.
             Was an Elder of Sif Muna.
             Slain by a salamander
             ... wielding a +0 spear of flaming
              (3 damage)
             ... in a volcano.
             The game lasted 00:41:23 (14192 turns).

cforsyth the Thaumaturge (Deep Elf Summoner)       Turns: 14192, Time: 00:41:23

Health: -2/72      AC:  6    Str:  5    XL:     12   Next: 36%
Magic:  3/32       EV: 17    Int: 26    God:    Sif Muna [****..]
Gold:   807        SH:  0    Dex: 15    Spells: 25/39 levels left

rFire   + + .        (no weapon)
rCold   . . .        (no shield)
rNeg    . . .        a - +2 robe {rF+}
rPois   .            p - +0 helmet
rElec   .            (no cloak)
rCorr   .            x - +0 pair of gloves
SInv    .            (no boots)
Will    +....        (no amulet)
Stlth   ++           Z - ring of wizardry
HPRegen 0.32/turn    F - ring of protection from fire
MPRegen 0.23/turn

%: wizardry (x1)
@: no status effects
A: no striking features
a: Renounce Religion, Channel Magic, Forget Spell, Divine Exegesis


You were in a volcano.
You worshipped Sif Muna.
Sif Muna was greatly pleased with you.
You visited 2 branches of the dungeon, and saw 13 of its levels.
You also visited: Sewer and Volcano.

You collected 833 gold pieces.
You spent 26 gold pieces at shops.


   Skills:
 + Level 7.4 Fighting
 + Level 11.0 Dodging
 - Level 2.4 Stealth
 + Level 14.4 Spellcasting
 + Level 12.7 Summonings
 - Level 4.0 Fire Magic
 - Level 4.0 Air Magic


You had 25 spell levels left.
You knew the following spells:

 Your Spells              Type           Power      Damage    Failure   Level
c - Call Imp              Summ           100%       N/A       0%          2
f - Call Canine Familiar  Summ           71%        N/A       1%          3
l - Summon Lightning Spi  Summ/Air       58%        N/A       1%          4
z - Summon Small Mammal   Summ           100%       N/A       0%          1
X - Summon Blazeheart Go  Fire/Summ      58%        N/A       1%          4

Your spell library contained the following spells:

 Spells                   Type           Power      Damage    Failure   Level
 Magic Dart               Conj           72%        1d6       1%          1
 Sting                    Conj/Alch      72%        1d7       1%          1
 Ensorcelled Hibernation  Hex/Ice        36%        N/A       1%          2
 Mercury Vapours          Alch/Air       58%        N/A       1%          2
 Searing Ray              Conj           36%        2d5       1%          2
 Inner Flame              Hex/Fire       29%        N/A       1%          3
 Swiftness                Air            39%        N/A       1%          3
 Fugue of the Fallen      Necr           18%        N/A       3%          3
 Ozocubu's Armour         Ice            18%        N/A       3%          3
 Passwall                 Erth           18%        N/A       3%          3
 Vhi's Electric Charge    Tloc/Air       58%        N/A       5%          4
 Anguish                  Hex/Necr       9%         N/A       12%         4
 Cause Fear               Hex            9%         N/A       12%         4
 Fulminant Prism          Conj/Alch      9%         3d7       12%         4
 Manifold Assault         Tloc           18%        N/A       12%         4
 Olgreb's Toxic Radiance  Alch           18%        N/A       12%         4
 Arcjolt                  Conj/Air       14%        1d24      14%         5
 Irradiate                Conj/Alch      9%         3d14      32%         5
 Iskenderun's Battlesphe  Conj           18%        2d7       32%         5
 Spellforged Servitor     Conj/Summ      25%        N/A       56%         7
 Bombard                  Conj/Erth      9%         9d2       85%         6
 Dispersal                Tloc           9%         N/A       85%         6
 Enfeeble                 Hex            9%         N/A       100%        7
 Disjunction              Tloc           9%         N/A       100%        8
 Ignition                 Fire           19%        3d7       100%        8
 Maxwell's Capacitive Co  Air            19%        ∞         100%        8

Inventory:

Missiles
 s - a throwing net {=f}
Armour
 a - a +2 robe of fire resistance (worn)
 p - a +0 helmet (worn)
 x - a +0 pair of gloves (worn)
Magical Staves
 d - a staff of cold {!a}
 g - a staff of conjuration {!a}
Jewellery
 F - a ring of protection from fire (right hand)
 S - a +6 ring of strength
 Z - a ring of wizardry (left hand)
Wands
 k - a wand of flame (43)
 v - a wand of warping (7)
Scrolls
 f - 3 scrolls of enchant weapon {unknown}
 m - 5 scrolls of teleportation {@r2}
 r - 2 scrolls of vulnerability
 u - a scroll of summoning
 y - a scroll of revelation
 z - a scroll of fear
 D - a scroll of poison
 E - a scroll of fog
Potions
 b - a potion of magic
 c - a potion of heal wounds {@q2}
 e - 3 potions of haste {@q3}
 i - a potion of resistance
 j - a potion of mutation
 l - 2 potions of brilliance
 n - 2 potions of enlightenment
 o - 2 potions of attraction
 q - 5 potions of curing {@q1}
 A - 2 potions of might
 B - a potion of lignification {unknown}
 C - 2 potions of invisibility

Dungeon Overview and Level Annotations

Branches:
Dungeon (12/15)            Temple (0/1) D:7            Lair (1/5) D:9
    Orc (0/2) D:11          Sewer (visited)         Volcano (1/1)

Altars:
Ashenzari
Cheibriados
Dithmenos
Elyvilon
Gozag
Hepliaklqana
Kikubaaqudgha
Makhleb
Nemelex Xobeh
Ru
Sif Muna
Uskayaw
Wu Jian
Yredelemnul
Zin

Shops:
D:12

* ≈§§≈§§§.▒ ▒)▒ ▒.§≈≈.≈≈
≈§≈§§§≈.▒ ▒.▒ ▒9≈≈≈≈.≈ §§≈≈≈§≈.▒
▒.▒ ▒N≈≈≈≈§.
≈≈≈≈≈§§.▒▒▒▒▒▒.▒)▒.▒▒▒▒▒▒.≈≈≈≈§≈
≈≈≈§≈§≈.▒...9..▒.▒......▒.5≈≈≈≈≈
≈≈§§§§≈.▒▒▒''▒▒▒+▒▒▒''▒▒▒.≈≈≈≈≈≈
≈≈§§§§§§▒..N.▒.I...▒ ▒§≈≈≈≈≈≈
≈≈§≈≈≈§.▒.∩..▒.ß⚑ß.▒..∩ ▒.≈≈≈≈≈≈
§§§≈§≈≈≈.▒(...N.@...'... ▒.≈≈§≈≈≈
≈≈≈≈§≈§§.▒▒▒▒▒▒▒▒▒▒▒▒▒▒▒▒▒§§≈≈≈≈§
≈≈≈≈§§§§.........§....§N..≈≈≈≈≈§≈
≈§§≈≈≈≈§§≈b≈§≈§§§§≈≈≈≈§.≈≈≈≈≈≈≈≈≈
≈≈≈§≈≈≈≈≈≈§≈≈≈§≈§≈≈≈§§5§≈§§≈≈§§≈§
§≈§§§§≈≈§§§§§§§§≈≈≈≈≈§≈≈≈≈§≈≈≈≈≈§
≈≈≈§≈§≈≈≈§≈≈§≈§≈§≈≈≈§§≈§≈≈≈§≈§≈≈≈
≈≈§§≈≈§≈§§§≈≈≈≈≈≈§≈§≈§§≈≈≈≈≈§§≈≈≈
≈≈≈≈≈≈§≈≈§≈≈§≈≈≈≈≈≈≈§§≈≈≈≈≈≈≈§§≈§


You could see a salamander (ally target) and a friendly lightning spire
(summoned).


Message History

Unknown command.
Unknown command.
Unknown command.
Unknown command.
Unknown command.
Unknown command.
Aiming: Warp Space
Press: ? - help, Shift-Dir - straight line, f - salamander
Aim: a salamander, wielding a +0 spear of flaming (chance to blink: 50%) Space twists violently!
The rupture engulfs the salamander!
The salamander is lightly wounded.
The salamander hits you from afar with a +0 spear of flaming!
* * * LOW HITPOINT WARNING * * *
You are engulfed in flames.
You resist.
* * * LOW HITPOINT WARNING * * *
The salamander burns you.
* * * LOW HITPOINT WARNING * * *
Unknown command.
Unknown command.
Unknown command.
Unknown command.
Aiming: Warp Space
Press: ? - help, Shift-Dir - straight line, f/p - salamander
Aim: a salamander, wielding a +0 spear of flaming (lightly wounded, ally target, chance to blink: 50%) Space twists violently!
The rupture engulfs the salamander!
The salamander is moderately wounded.
The salamander hits you from afar with a +0 spear of flaming!
* * * LOW HITPOINT WARNING * * *
You are engulfed in flames.
You resist.
You die...

Skill      XL: |  1  2  3  4  5  6  7  8  9 10 11 12 |
---------------+-------------------------------------+-----
Spellcasting   | 4 5 6 7 8 9 10 12 13 14 | 14.4
Summonings     | 5 6 7 8 9 11 12 | 12.7
Fire Magic     | 2 4 |  4.0
Air Magic      | 3 4 |  4.0
Fighting       | 1 3 5 7 |  7.4
Dodging        | 3 6 8 10 11 | 11.0
Stealth        | |  2.4

Action                     |  1- 3 |  4- 6 |  7- 9 | 10-12 || total
---------------------------+-------+-------+-------+-------++-------
  Melee: Unarmed           |       |       |       |     5 ||     5
   Cast: Summon Small Mamm |    37 |    13 |    13 |     5 ||    68
         Call Imp          |    13 |    24 |    42 |    46 ||   125
         Call Canine Famil |     5 |    21 |    34 |    30 ||    90
         Summon Lightning  |       |       |    28 |    43 ||    71
         Summon Blazeheart |       |       |     7 |    42 ||    49
  Evoke: Wand              |       |       |       |     7 ||     7
    Use: Scroll            |       |     7 |     6 |     9 ||    22
         Potion            |       |       |       |     2 ||     2
 Armour: Robe              |    13 |    13 |    17 |    71 ||   114
         Skin              |       |       |     5 |       ||     5
  Dodge: Dodged            |    22 |    16 |    15 |    51 ||   104

Levels and vault maps discovered:
D:1:      dpeg_arrival_solitude, layout_loops_ring
D:2:      kennysheep_six_static_rooms, layout_rooms, basic_altar, uniq_terence,
          uniq_sigmund
D:3:      layout_rooms, amcnicky_altar_gilded, serial_curves, eino_curves_02,
          eino_curves_03, portal_sewer_entry_a, minmay_misc_feat_doors,
          minmay_misc_feat_encased, kennysheep_flooded_box, grunt_ministairs_8
D:4:      layout_gridville, mainiacjoe_overflow_paths,
          nicolae_ashenzari_skybound, general_overflow_altar, kennysheep_mini
D:5:      layout_cave_pools, chequers_temple_overflow_minitemple,
          elyvilon_altar_1, serial_glass, glass_columns_a, glass_columns_c,
          chequers_big_river
D:6:      layout_gridville, nicolae_houndstooth_variations
D:7:      layout_loops_ring, temple_green, uniq_duvessa
D:8:      layout_rooms, riverfiend_overflow_shadow_ancestor,
          grunt_gozag_breadcrumbs
D:9:      layout_irregular_city, lemuel_blue_sif_altar,
          erik_lair_orcish_takeover, serial_ice, serial_ice_g, serial_ice_e,
          serial_ice_b, serial_ice_m, hangedman_decor_points, roderic_lattice_a,
          kennysheep_generic_room_11
D:10:     layout_cave_pools, nicolae_overflow_squiral, minmay_misc_feat_pillars,
          worms_lemuel
D:11:     layout_rooms, orc_0_dummy, uniq_urug
D:12:     layout_loops_corners, serial_shops, shop,
          nicolae_twisty_statue_hallways, uniq_jorgrun
Lair:1:   layout_chaotic_city, lightli_volcano_entry_magma_tube,
          serial_bayou_shore_a
Volcano:  volcano_lake [vl_original]

Notes
Turn   | Place    | Note
-------+----------+-------------------------------------------
     0 | D:1      | cforsyth the Deep Elf Summoner began the quest for the Orb.
     0 | D:1      | Reached XP level 1. HP: 10/10 MP: 6/6
   399 | D:1      | Reached XP level 2. HP: 15/15 MP: 1/8
   407 | D:1      | Learned a level 2 spell: Call Imp
  1078 | D:2      | Noticed Terence
  1163 | D:2      | Reached skill level 4 in Spellcasting
  1275 | D:2      | Reached skill level 5 in Summonings
  1275 | D:2      | Reached XP level 3. HP: 19/19 MP: 5/10
  1279 | D:2      | Learned a level 3 spell: Call Canine Familiar
  1679 | D:2      | Found a shimmering blue altar of Sif Muna.
  1695 | D:2      | Became a worshipper of Sif Muna the Loreminder
  1745 | D:2      | Noticed Sigmund
  1758 | D:2      | Killed Sigmund
  1759 | D:2      | Reached skill level 5 in Spellcasting
  1759 | D:2      | Reached skill level 6 in Summonings
  1759 | D:2      | Reached XP level 4. HP: 24/24 MP: 7/13
  1759 | D:2      | Reached XP level 5. HP: 28/28 MP: 8/15
  1852 | D:2      | Killed Terence
  1853 | D:2      | Reached skill level 6 in Spellcasting
  2030 | D:3      | Reached XP level 6. HP: 32/32 MP: 11/17
  2213 | D:3      | You fall into a shaft and drop 1 floor!
  2219 | D:4      | Found an ancient bone altar of Kikubaaqudgha.
  2275 | D:3      | Found a glowing drain.
  2296 | Sewer    | Entered a sewer
  2410 | Sewer    | Reached * piety under Sif Muna
  2661 | Sewer    | Reached skill level 7 in Spellcasting
  2690 | Sewer    | Found a viscous altar of Jiyva.
  2751 | Sewer    | Reached skill level 7 in Summonings
  2829 | D:3      | Found a burning altar of Makhleb.
  3324 | D:4      | Learned a level 4 spell: Summon Blazeheart Golem
  3329 | D:4      | Learned a level 4 spell: Summon Lightning Spire
  3555 | D:4      | Found a sparkling altar of Nemelex Xobeh.
  3742 | D:4      | Found a broken altar of Ashenzari.
  3769 | D:4      | Reached XP level 7. HP: 36/36 MP: 11/19
  3840 | D:4      | Reached skill level 1 in Fire Magic
  3840 | D:4      | Reached skill level 1 in Air Magic
  3941 | D:4      | Found a snail-covered altar of Cheibriados.
  4196 | D:5      | Entered Level 5 of the Dungeon
  4389 | D:5      | Reached skill level 2 in Fire Magic
  4389 | D:5      | Reached skill level 2 in Air Magic
  4392 | D:5      | Reached ** piety under Sif Muna
  4467 | D:5      | Reached skill level 8 in Spellcasting
  4470 | D:5      | Reached skill level 3 in Air Magic
  4470 | D:5      | Reached XP level 8. HP: 41/41 MP: 12/22
  4681 | D:5      | Reached skill level 3 in Fire Magic
  4948 | D:5      | Found a white marble altar of Elyvilon.
  5007 | D:5      | Found a basalt altar of Yredelemnul.
  5007 | D:5      | Found a faded altar of an unknown god.
  5015 | D:5      | Found a sacrificial altar of Ru.
  5017 | D:5      | Found a faded altar of an unknown god.
  5019 | D:5      | Found an ornate altar of the Wu Jian Council.
  5183 | D:5      | Identified a potion of resistance
  5277 | D:6      | Reached skill level 8 in Summonings
  5927 | D:6      | Reached skill level 4 in Fire Magic
  5927 | D:6      | Reached skill level 4 in Air Magic
  6083 | D:6      | Reached skill level 9 in Spellcasting
  6251 | D:6      | Reached skill level 1 in Fighting
  6251 | D:6      | Reached skill level 3 in Dodging
  6537 | D:7      | Noticed Duvessa
  6562 | D:7      | Killed Duvessa
  6563 | D:7      | Reached XP level 9. HP: 29/48 MP: 6/24
  6574 | D:7      | Noticed Dowan
  6594 | D:7      | Killed Dowan
  6595 | D:7      | Reached skill level 4 in Dodging
  6757 | D:7      | Reached skill level 2 in Fighting
  6886 | D:7      | Found a staircase to the Ecumenical Temple.
  7186 | D:7      | Reached skill level 9 in Summonings
  7401 | D:8      | Reached *** piety under Sif Muna
  7477 | D:8      | Reached skill level 10 in Spellcasting
  7552 | D:8      | Reached skill level 5 in Dodging
  7780 | D:8      | Found an opulent altar of Gozag.
  7922 | D:8      | Found a shadowy altar of Dithmenos.
  7923 | D:8      | Found a hazy altar of Hepliaklqana.
  8023 | D:9      | Reached skill level 3 in Fighting
  8289 | D:9      | Found a shimmering blue altar of Sif Muna.
  8418 | D:9      | Noticed a polar bear
  8445 | D:9      | Killed a polar bear
  8446 | D:9      | Reached skill level 6 in Dodging
  8951 | D:9      | Reached XP level 10. HP: 56/56 MP: 20/26
  8957 | D:9      | Reached skill level 11 in Spellcasting
  9008 | D:9      | Found a staircase to the Lair.
  9073 | D:9      | Reached skill level 4 in Fighting
  9161 | D:9      | Noticed a red ugly thing
  9176 | D:9      | Reached skill level 10 in Summonings
  9176 | D:9      | Killed a red ugly thing
  9456 | D:10     | Entered Level 10 of the Dungeon
  9463 | D:10     | Noticed a skeletal warrior
  9476 | D:10     | Noticed a skeletal warrior
  9477 | D:10     | Noticed a skeletal warrior
  9478 | D:10     | Noticed a skeletal warrior
  9480 | D:10     | Killed a skeletal warrior
  9481 | D:10     | Reached skill level 7 in Dodging
  9754 | D:10     | Noticed a two-headed ogre
  9761 | D:10     | Killed a two-headed ogre
  9803 | D:10     | Noticed a skeletal warrior
  9810 | D:10     | Killed a skeletal warrior
  9810 | D:10     | Reached **** piety under Sif Muna
  9811 | D:10     | Reached skill level 5 in Fighting
  9811 | D:10     | Reached skill level 8 in Dodging
  9811 | D:10     | Reached skill level 12 in Spellcasting
  9999 | D:10     | Killed a skeletal warrior
 10027 | D:10     | Reached skill level 11 in Summonings
 10076 | D:10     | Noticed a two-headed ogre
 10090 | D:10     | Killed a two-headed ogre
 10091 | D:10     | Reached XP level 11. HP: 62/64 MP: 5/29
 10470 | D:10     | Killed a skeletal warrior
 10640 | D:10     | Killed a skeletal warrior
 10641 | D:10     | Reached skill level 9 in Dodging
 11111 | D:10     | Found a hide-covered altar of Uskayaw.
 11112 | D:10     | Found a glowing silver altar of Zin.
 11346 | D:11     | Noticed Urug
 11354 | D:11     | Killed Urug
 11355 | D:11     | Reached skill level 6 in Fighting
 11362 | D:11     | Reached skill level 13 in Spellcasting
 11633 | D:11     | Noticed a purple ugly thing
 11638 | D:11     | Killed a purple ugly thing
 12030 | D:11     | Noticed a two-headed ogre
 12042 | D:11     | Killed a two-headed ogre
 12043 | D:11     | Reached skill level 10 in Dodging
 12043 | D:11     | Reached skill level 12 in Summonings
 12188 | D:11     | Found a staircase to the Orcish Mines.
 12748 | D:12     | Noticed Jorgrun
 12767 | D:12     | Killed Jorgrun
 12768 | D:12     | Reached skill level 7 in Fighting
 12768 | D:12     | Reached XP level 12. HP: 57/72 MP: 16/31
 13342 | D:12     | Reached skill level 14 in Spellcasting
 13576 | D:12     | Found Iddikhol's General Store.
 13585 | D:12     | Bought a scroll of identify for 26 gold pieces
 13703 | Lair:1   | Entered Level 1 of the Lair of Beasts
 13796 | Lair:1   | Found a dark tunnel.
 13804 | Volcano  | Entered a volcano
 14049 | Volcano  | Found a bloodstained altar of Trog.
 14103 | Volcano  | Reached skill level 11 in Dodging
 14192 | Volcano  | HP: 1/72 [salamander/+0 spear of flaming (11)]
 14192 | Volcano  | Slain by a salamander

Vanquished Creatures
  2 two-headed ogres (D:10)
  A hell knight (Volcano)
  4 skeletal warriors (D:10)
  An ugly thing (D:9)
  A manticore (D:11)
  A slime creature (D:12)
  An unseen horror (D:12)
  A komodo dragon (D:11)
  2 trolls
  A wraith (D:11)
  A vampire mosquito (D:11)
  Duvessa (D:7)
  An orc warrior (D:9)
  Dowan (D:7)
  An electric eel (D:10)
  An orc (D:11)
21 creatures vanquished.

Vanquished Creatures (collateral kills)
  Jorgrun (D:12)
  A two-headed ogre (D:11)
  Urug (D:11)
  A salamander mystic (Volcano)
  A skeletal warrior (D:10)
  A slime creature (D:12)
  An ugly thing (D:11)
  A cyclops (D:11)
  2 salamanders (Volcano)
  An unseen horror (D:11)
  A hornet (D:11)
  A polar bear (D:9)
  Sigmund (D:2)
  3 wraiths
  A shadow (D:11)
  2 wyverns
  A vampire (D:12)
  An unseen horror simulacrum (D:9)
  A fire bat (Volcano)
  5 yaks
  A warg (D:9)
  A steam dragon (D:9)
  3 vampire mosquitoes
  2 swamp worms (D:10)
  3 water moccasins
  An acid dragon (D:7)
  A sky beast (D:7)
  2 orc warriors
  2 black bears
  An ice beast (D:6)
  2 wolves (D:9)
  6 centaurs
  2 kobold brigands
  2 bullfrogs
  2 scorpions (D:5)
  2 gnoll sergeants
  4 killer bees
  4 howler monkeys
  4 lava snakes (Volcano)
  5 orc priests
  7 hounds
  6 jellies
  A bombardier beetle (D:3)
  A sleepcap (D:7)
  Terence (D:2)
  6 orc wizards
  4 adders
  14 gnolls
  3 white imps
  4 ufetubi
  A ribbon worm (Sewer)
  A dart slug (D:3)
  23 orcs
  17 endoplasms
  6 giant cockroaches
  6 hobgoblins
  5 quokkas
  9 ball pythons
  5 bats
  2 frilled lizards
  7 goblins
  8 kobolds
  12 rats
227 creatures vanquished.

Vanquished Creatures (others)
  An orc wizard (D:9)
  A centaur simulacrum (D:9)
  26 blazeheart cores
28 creatures vanquished.

Grand Total: 276 creatures vanquished

Table legend: (Time is in decaauts)
 A = Elapsed time spent in this place.
 B = Non-inter-level travel time spent in this place.
 C = Inter-level travel time spent in this place.
 D = Time resting spent in this place.
 E = Time spent auto-exploring this place.
 F = Levels seen in this place.
 G = Mean time per level.
                   A        B        C        D        E       F      G
               +--------+--------+--------+--------+--------+-----+--------+
         Total |  14255 |  13811 |    444 |   1769 |   8890 |  15 |  950.3 |
       Dungeon |  13229 |  12785 |    444 |   1729 |   8529 |  12 | 1102.4 |
          Lair |    100 |    100 |      0 |     36 |      0 |   1 |  100.0 |
         Sewer |    538 |    538 |      0 |      0 |    307 |   1 |  538.0 |
       Volcano |    387 |    387 |      0 |      4 |     54 |   1 |  387.0 |
               +--------+--------+--------+--------+--------+-----+--------+

Top non-repeatable levels by time:
     D:9: 2145 daAuts
    D:10: 1350 daAuts
    D:12: 1276 daAuts
     D:1: 1132 daAuts
     D:4: 1079 daAuts
     D:6: 1067 daAuts
     D:7: 999 daAuts
     D:5: 960 daAuts
    D:11: 946 daAuts
     D:2: 932 daAuts
     D:3: 727 daAuts
     D:8: 610 daAuts
   Sewer: 538 daAuts
 Volcano: 387 daAuts
  Lair:1: 100 daAuts

Table legend:
 A = Non-vault XP
 B = Vault XP
 C = Vault XP percentage of total XP
 D = Non-vault monster count
 E = Vault monster count
 F = Vault count percentage of total count
                 A         B        C        D         E       F
            +---------+---------+-------+---------+---------+-------
      Total |   19777 |    7922 |  28.6 |     186 |      63 |  25.3
            +---------+---------+-------+---------+---------+-------
        D:1 |      24 |       0 |   0.0 |      15 |       0 |   0.0
        D:2 |      41 |     272 |  86.9 |      16 |       8 |  33.3
        D:3 |      60 |       3 |   4.8 |      12 |       3 |  20.0
        D:4 |     269 |       0 |   0.0 |      17 |       0 |   0.0
        D:5 |     702 |       0 |   0.0 |      17 |       0 |   0.0
        D:6 |     780 |       0 |   0.0 |      13 |       0 |   0.0
        D:7 |     797 |     218 |  21.5 |      13 |       2 |  13.3
        D:8 |     661 |       0 |   0.0 |      14 |       0 |   0.0
        D:9 |    1929 |    1169 |  37.7 |      18 |      15 |  45.5
       D:10 |    6808 |     316 |   4.4 |      21 |       2 |   8.7
       D:11 |    5011 |     804 |  13.8 |      21 |       1 |   4.5
       D:12 |    2463 |    1904 |  43.6 |       7 |       1 |  12.5
     Lair:1 |     232 |       0 |   0.0 |       2 |       0 |   0.0
      Sewer |       0 |     220 | 100.0 |       0 |      22 | 100.0
    Volcano |       0 |    3016 | 100.0 |       0 |       9 | 100.0
            +---------+---------+-------+---------+---------+-------
